 Dungeon Crawl Stone Soup version 0.17.2-1-ge4368a0 (webtiles) character file.

4197 Goblin1989 the Covert (level 10, -23/68 HPs)
             Began as a Vampire Enchanter on Oct 15, 2018.
             Was an Initiate of Gozag.
             Annihilated by Erolcha
             ... wielding a +0 giant club
              (29 damage)
             ... while paralysed by Erolcha
             ... on level 8 of the Dungeon.
             The game lasted 00:37:50 (9310 turns).

Goblin1989 the Covert (Vampire Enchanter)           Turns: 9310, Time: 00:37:50

Health: -23/68     AC: 10    Str:  7    XL:     10   Next: 8%
Magic:  3/17       EV:  2    Int: 18    God:    Gozag
Gold:   430        SH:  0    Dex: 18    Spells: 4 memorised, 9 levels left

rFire  + . .     SeeInvis +     a - +2 dagger (freeze)
rCold  + + .     Clarity  .     u - +2 leather armour {rF+}
rNeg   + + +     SustAt   .     z - +0 buckler
rPois  ∞         Gourm    .     (no helmet)
rElec  .         Spirit   .     x - +0 cloak
rCorr  +         Warding  .     o - +0 pair of gloves
rMut   .         Stasis   .     p - +2 pair of boots
MR     +....                    g - amulet of resist corrosion
Stlth  ++++++....               (no ring)
                                l - ring of flight

@: paralysed, flying, very slightly contaminated, bloodless, non-regenerating,
hasted, somewhat resistant to hostile enchantments, very stealthy
A: fangs 3, see invisible, unbreathing
a: Bat Form, Potion Petition, Call Merchant, Bribe Branch, Renounce Religion


You were on level 8 of the Dungeon.
You worshipped Gozag.
Gozag was noncommittal.
You were bloodless.

You visited 2 branches of the dungeon, and saw 9 of its levels.

You collected 622 gold pieces.
You paid 192 gold pieces to Gozag.

Inventory:

Hand Weapons
 a - a +2 dagger of freezing (weapon)
 m - a +0 dagger of protection
 F - a +0 dagger of chaos
Armour
 o - a +0 pair of gloves (worn)
 p - a +2 pair of boots (worn)
 u - a +2 leather armour of fire resistance (worn)
 x - a +0 cloak (worn)
 z - a +0 buckler (worn)
Jewellery
 g - an amulet of resist corrosion (around neck)
 l - a ring of flight (left hand)
Wands
 j - a wand of random effects (23)
 E - a wand of flame (8)
 P - a wand of paralysis (7)
Scrolls
 b - a scroll of immolation {unknown}
 d - a scroll of magic mapping {unknown}
 f - a scroll of random uselessness {unknown}
 n - 4 scrolls of remove curse {@r2}
 v - 2 scrolls of teleportation {unknown}
 w - 2 scrolls of amnesia {unknown}
 y - a scroll of enchant weapon {unknown}
 A - a scroll of recharging {unknown}
 B - 2 scrolls of blinking
 C - a scroll of fear {unknown}
 R - a scroll of identify {@r1}
Potions
 e - 5 potions of flight
 i - 6 potions of curing {@q1}
 k - 6 potions of haste {@q3, !q}
 r - a potion of lignification
 s - 2 potions of resistance
 D - 3 potions of heal wounds {@q2, !q}
Books
 c - a book of Maledictions

   Spells                             Type                      Level
   a - Corona                         Hexes                        1
   b - Ensorcelled Hibernation        Hexes/Ice                    2
   c - Confuse                        Hexes                        3
   d - Tukima's Dance                 Hexes                        3
   e - Dazzling Spray                 Conjuration/Hexes            3
 q - a book of Transfigurations

   Spells                             Type                      Level
   a - Stoneskin                      Transmutation/Earth          2
   b - Irradiate                      Conjuration/Transmutation    5
   c - Statue Form                    Transmutation/Earth          6
   d - Hydra Form                     Transmutation                6
   e - Dragon Form                    Transmutation                7


   Skills:
 + Level 2.6 Fighting
 * Level 5.5 Short Blades
 + Level 4.2 Dodging
 * Level 11.8 Stealth
 + Level 3.6 Shields
 + Level 4.8 Spellcasting
 * Level 11.0 Hexes
 - Level 4.2 Ice Magic


You had 9 spell levels left.
You knew the following spells:

 Your Spells              Type           Power        Failure   Level  Hunger
a - Corona                Hex            #####..      1%          1    None
t - Tukima's Dance        Hex            #####...     1%          3    ###....
x - Confuse               Hex            #####...     1%          3    ###....
z - Ensorcelled Hibernat  Hex/Ice        ####..       1%          2    #......


Dungeon Overview and Level Annotations

Branches:
Dungeon (8/15)             Temple (1/1) D:4
   Lair: D:8-11

Altars:
Ashenzari
Cheibriados
Dithmenos
Gozag
Kikubaaqudgha
Makhleb
Nemelex Xobeh
Okawaru
Qazlal
Ru
Sif Muna
Trog
Vehumet
Xom
Yredelemnul
Zin
The Shining One

Shops:
D:6 (   D:7 %

Annotations:
D:5 Prince Ribbit
D:8 Erolcha


Innate Abilities, Weirdness & Mutations

You do not heal naturally.
You are immune to poison.
You have razor-sharp teeth.
You have supernaturally acute eyesight.
You can survive without breathing.


Message History

You now have 2/17 mp.
The helpless centaur fails to defend itself.
You bite the centaur, and draw its blood!
You feel better.
You feel slightly less thirsty.
You perforate the centaur like a sieve!!!
You freeze the centaur.
You kill the centaur!
You regained 10 hp, and now have 66/68 hp.
Erolcha closely misses you.
Things that are here:
11 gold pieces; an uncursed shortbow; 12 arrows You hit Erolcha but do no damage.
You hit Erolcha. You freeze Erolcha.
Erolcha is lightly wounded.
You hit Erolcha but do no damage.
Erolcha is lightly wounded.
Erolcha misses you.
You hit Erolcha. You freeze Erolcha.
Erolcha is lightly wounded.
You hit Erolcha. You freeze Erolcha. You bite Erolcha, but do no damage.
Erolcha is moderately wounded.
Casting: Ensorcelled Hibernation
Confirm with . or Enter, or press ? or * to list all spells.
Aiming: Ensorcelled Hibernation
Press: ? - help, Shift-Dir - straight line, f - Erolcha
Aim: Erolcha, wielding a giant club and wearing a robe (moderately wounded, slightly transparent, chance to defeat MR: 26%) Erolcha resists with almost no effort.
Erolcha hits you with a giant club!
You take 17 damage, and have 49/68 hp.
O_OOPS!!
MASSIVE DAMAGE!!
You now have 0/17 mp.
You hit Erolcha. You freeze Erolcha.
Erolcha is moderately wounded.
You barely miss Erolcha.
Erolcha is moderately wounded.
Erolcha closely misses you.
You hit Erolcha but do no damage.
Erolcha is moderately wounded.
You hit Erolcha but do no damage.
Erolcha is moderately wounded.
Erolcha is distracted by the nearby gold.
Erolcha shouts!
You hit Erolcha but do no damage.
Erolcha is no longer distracted by gold.
Erolcha is moderately wounded.
You hit Erolcha but do no damage.
Erolcha is moderately wounded.
You hit Erolcha but do no damage.
Erolcha is moderately wounded.
Erolcha closely misses you.
You closely miss Erolcha.
Erolcha is moderately wounded.
You barely miss Erolcha.
Erolcha is moderately wounded.
You block Erolcha's attack.
You barely miss Erolcha.
Erolcha is moderately wounded.
You hit Erolcha but do no damage. Your bite misses Erolcha.
Erolcha is moderately wounded.
You barely miss Erolcha. Your bite misses Erolcha.
Erolcha is moderately wounded.
You block Erolcha's attack.
You hit Erolcha. You freeze Erolcha. You bite Erolcha, but do no damage.
Erolcha is moderately wounded.
You hit Erolcha. You freeze Erolcha.
Erolcha is moderately wounded.
Casting: Ensorcelled Hibernation
Confirm with . or Enter, or press ? or * to list all spells.
Aiming: Corona
Press: ? - help, Shift-Dir - straight line, f/p - Erolcha
Aim: Erolcha, wielding a giant club and wearing a robe (moderately wounded, slightly transparent, chance to defeat MR: 46%) Erolcha is outlined in light.
Erolcha points at you and mumbles some strange words.
You suddenly lose the ability to move!
Erolcha hits you with a giant club! Erolcha hits you but does no damage.
Erolcha hits you with a giant club!
* * * LOW HITPOINT WARNING * * *
You can move again.
Unknown command.
You take 26 damage, and have 23/68 hp.
O_OOPS!!
MASSIVE DAMAGE!!
Press: ? - help, v - describe, . - travel, g - get item
Here: Erolcha, wielding a giant club and wearing a robe (moderately wounded, softly glowing, slightly transparent)
An arrow.
The floor.
Items here: $ ( ) [ 11 gold pieces; a mace; a scale mail; an arrow Erolcha points at you and mumbles some strange words.
The puff of flame hits you! You resist.
* * * LOW HITPOINT WARNING * * *
You take 7 damage, and have 16/68 hp.
Erolcha stops glowing.
Erolcha points at you and mumbles some strange words.
You suddenly lose the ability to move!
Erolcha casts a spell at you.
The fireball explodes!
The fireball engulfs you! You resist.
* * * LOW HITPOINT WARNING * * *
Erolcha hits you with a giant club.
* * * LOW HITPOINT WARNING * * *
Erolcha hits you with a giant club!!
You die...
Your body crumbles into a pile of gold. .F. █.██............. ██.█ █<█ █.(.██.██ ..█ █..█...███.█ ██$███..█ █.█ █...z.z..o.█ █$█ ██(█

█.█ █....z....██ █.█
█(█ █.█ █.........█
█.█ █.███.████████
█..█K██████ █.█
█..)....)..... █. █.
███O████.███.████████
█ . █..(@..█(█ █.█ █
███(██)█.█ █.█
███████...██.█.███.█
█............().(..█
██.█.█.██.██.█.█████
█.█.█........(██
█...████.██..█.██
█.██████.██.███.██
█........█.██


██)█ You could see Erolcha (invisible).

Vanquished Creatures
  Pikel (D:7)
  Joseph (D:8)
  A spriggan (D:7)
  A mottled dragon (D:8)
  4 orc warriors
  2 sky beasts
  A phantom (D:8)
  2 centaurs
  3 ogres
  A big kobold (D:8)
  Blork the orc (D:5)
  4 giant frogs
  2 killer bees (D:6)
  12 wights
  A scorpion (D:7)
  A jelly (D:6)
  3 orc priests
  2 crimson imps
  A giant frog skeleton (D:6)
  3 hounds
  Jessica (D:3)
  5 orc wizards
  5 worker ants
  2 iguanas
  3 hound skeletons
  4 gnolls (D:2)
  10 adders
  2 shadow imps (D:5)
  4 adder skeletons
  3 worms
  A giant gecko (D:1)
  34 orcs
  2 ball pythons
  5 giant cockroaches
  5 goblins
  8 hobgoblins
  4 quokkas
  9 bats
  A giant gecko skeleton (D:8)
  6 giant newts
  4 jackals (D:6)
  3 kobolds
  2 quokka skeletons (D:4)
  8 rats
178 creatures vanquished.

Vanquished Creatures (others)
  2 slaves (D:7)
2 creatures vanquished.

Grand Total: 180 creatures vanquished

Notes
Turn   | Place    | Note
--------------------------------------------------------------
     0 | D:1      | Goblin1989 the Vampire Enchanter began the quest for the Orb.
     0 | D:1      | Reached XP level 1. HP: 13/13 MP: 3/3
   250 | D:1      | Reached XP level 2. HP: 17/19 MP: 5/5
   260 | D:1      | Learned a level 2 spell: Ensorcelled Hibernation
   314 | D:1      | Reached skill level 5 in Hexes
   714 | D:1      | Reached skill level 5 in Stealth
   976 | D:2      | Reached XP level 3. HP: 24/24 MP: 1/6
  2210 | D:2      | Reached XP level 4. HP: 25/30 MP: 1/7
  2466 | D:3      | Reached skill level 6 in Stealth
  2466 | D:3      | Reached skill level 1 in Ice Magic
  2961 | D:3      | Reached XP level 5. HP: 30/35 MP: 4/8
  2967 | D:3      | Noticed Jessica
  2974 | D:3      | Killed Jessica
  3694 | D:4      | Found a staircase to the Ecumenical Temple.
  3699 | D:4      | Learned a level 3 spell: Confuse
  3703 | D:4      | Learned a level 3 spell: Tukima's Dance
  3720 | Temple   | Entered the Ecumenical Temple
  4082 | D:4      | Reached skill level 7 in Hexes
  4082 | D:4      | Reached XP level 6. HP: 41/41 MP: 4/10
  4382 | D:4      | Found an iron altar of Okawaru.
  4565 | D:4      | Found a snail-covered altar of Cheibriados.
  4565 | D:4      | Found an iron altar of Okawaru.
  4566 | D:4      | Found a deep blue altar of Sif Muna.
  4668 | D:5      | Entered Level 5 of the Dungeon
  5010 | D:5      | Reached skill level 1 in Shields
  5010 | D:5      | Reached XP level 7. HP: 46/46 MP: 8/11
  5205 | D:5      | Noticed Blork the orc
  5220 | D:5      | Killed Blork the orc
  5220 | D:5      | Reached skill level 8 in Stealth
  5502 | D:5      | Noticed Prince Ribbit
  5596 | D:5      | HP: 2/46 [Prince Ribbit (11)]
  6352 | D:6      | Found Fyovin's Weapon Boutique.
  6393 | D:6      | Found a glowing golden altar of the Shining One.
  6550 | D:6      | Reached XP level 8. HP: 52/52 MP: 2/13
  6671 | D:6      | Reached skill level 9 in Stealth
  7516 | D:7      | Found a sparkling altar of Nemelex Xobeh.
  7527 | D:7      | Noticed Pikel
  7661 | D:7      | Reached skill level 1 in Fighting
  7661 | D:7      | Reached skill level 10 in Stealth
  7715 | D:7      | Killed Pikel
  7715 | D:7      | Reached skill level 10 in Hexes
  7715 | D:7      | Reached XP level 9. HP: 59/59 MP: 8/15
  7767 | D:7      | Found Vubaim's Food Shop.
  8560 | D:8      | Reached skill level 11 in Stealth
  8596 | D:8      | Found an opulent altar of Gozag.
  8599 | D:8      | Became a worshipper of Gozag Ym Sagoz the Greedy
  8618 | D:8      | Noticed Erolcha
  8647 | D:8      | Found a shimmering altar of Xom.
  8648 | D:8      | Found a burning altar of Makhleb.
  8747 | D:8      | Noticed Joseph
  8759 | D:8      | Killed Joseph
  9014 | D:8      | Reached skill level 5 in Short Blades
  9090 | D:8      | Reached XP level 10. HP: 68/68 MP: 8/17
  9102 | D:8      | Found a radiant altar of Vehumet.
  9293 | D:8      | Paralysed by Erolcha for 4 turns
  9303 | D:8      | Paralysed by Erolcha for 7 turns
  9310 | D:8      | Annihilated by Erolcha

Action                   |  1- 3 |  4- 6 |  7- 9 | 10-12 || total
-------------------------+-------+-------+-------+-------++-------
Melee: Dagger            |    77 |   160 |   265 |    33 ||   535
 Cast: Corona            |     1 |       |     2 |     1 ||     4
       Ensorcelled Hiber |    17 |    29 |    60 |    13 ||   119
       Confuse           |       |     4 |    37 |       ||    41
Invok: Potion Petition   |       |       |     1 |       ||     1
 Abil: End Transformatio |     1 |       |       |       ||     1
       Bat Form          |     1 |       |       |       ||     1
Evoke: Wand              |       |       |     1 |       ||     1
  Use: Scroll            |       |     2 |     8 |       ||    10
       Potion            |       |       |     5 |     6 ||    11
 Stab: Sleeping          |    13 |    47 |    46 |     5 ||   111
       Confused          |       |       |    21 |       ||    21
       Invisible         |       |       |     3 |       ||     3

Vault maps used:
D:1:      minmay_arrival_loop, hangedman_decor_points
D:3:      uniq_jessica
D:4:      gammafunk_temple_overflow_forgotten, minmay_temple_entry_junction,
          first_bread, okawaru_ov_weapons_minmay
D:5:      minmay_opposing_rooms, uniq_blork_the_orc, uniq_prince_ribbit1
D:6:      lemuel_round_altar, serial_shops, shop
D:7:      nemelex_xobeh_ov_fountains_minmay, serial_shops, shop_coins,
          the_bakery, lemuel_flame_loot_1, uniq_pikel
D:8:      grunt_temple_overflow_champion_of_chaos, kennysheep_mini_moat,
          old_standard_altar, special_room, hangedman_misty_isle, uniq_erolcha,
          uniq_joseph
Temple:   minmay_temple_bridge_b_8
